 Dungeon Crawl Stone Soup version 0.29.1-12-g30fa7ad0bf (webtiles) character file.

Game seed: 7703063596947164362

464 cdecastro the Changer (level 6, -9/47 HPs)
             Began as a Draconian Transmuter on Jan 15, 2023.
             Was a Believer of Nemelex Xobeh.
             Mangled by an ogre
             ... wielding a +0 giant club
              (37 damage)
             ... on level 6 of the Dungeon.
             The game lasted 00:07:11 (5180 turns).

cdecastro the Changer (Draconian Transmuter)        Turns: 5180, Time: 00:07:12

Health: -9/47      AC:  2    Str: 12    XL:     6   Next: 80%
Magic:  9/9        EV: 19    Int: 21    God:    Nemelex Xobeh [**....]
Gold:   201        SH:  0    Dex: 17    Spells: 3/9 levels left

rFire   . . .      SeeInvis .     - Unarmed
rCold   . . .      Faith    .   (shield currently unavailable)
rNeg    . . .      Spirit   .   (body armour unavailable)
rPois   x          Reflect  .   (helmet currently unavailable)
rElec   .          Harm     .   (cloak currently unavailable)
rCorr   .          Rampage  .   (gloves currently unavailable)
Will    .....                   (boots currently unavailable)
Stlth   ++........              i - amulet of magic regeneration
HPRegen 0.15/turn               p - +6 ring of intelligence
MPRegen 0.51/turn               (no ring)

@: spider-form
A: venomous fangs, AC +6, tiny, unfitting armour, (cold-blooded)
a: End Transformation, Renounce Religion, Draw Escape, Draw Destruction, Draw
Summoning


You were on level 6 of the Dungeon.
You worshipped Nemelex Xobeh.
Nemelex Xobeh was pleased with you.
You were a venomous arachnid creature.
You visited 1 branch of the dungeon, and saw 6 of its levels.

You collected 245 gold pieces.
You spent 44 gold pieces at shops.

Inventory:

Hand Weapons
 b - a +0 sling
Jewellery
 i - an amulet of magic regeneration (around neck)
 p - a +6 ring of intelligence (left front leg)
 w - a ring of protection from fire
Scrolls
 c - 2 scrolls of vulnerability {unknown}
 d - 2 scrolls of blinking {unknown}
 e - 2 scrolls of fear {unknown}
 g - 4 scrolls of teleportation {unknown}
 j - 3 scrolls of enchant weapon {unknown}
 k - 4 scrolls of identify {unknown}
 l - a scroll of immolation
 m - a scroll of enchant armour {unknown}
 r - a scroll of noise {unknown}
 s - 2 scrolls of butterflies {unknown}
 u - 2 scrolls of summoning {unknown}
 x - a scroll of poison {unknown}
Potions
 a - a potion of lignification
 f - a potion of flight {unknown}
 h - 3 potions of curing {unknown}
 n - 3 potions of attraction {unknown}
 o - a potion of magic {unknown}
 q - 2 potions of invisibility {unknown}
 t - a potion of heal wounds {unknown}
 v - 2 potions of resistance {unknown}


   Skills:
 - Level 1.1 Fighting
 - Level 1.7 Dodging
 - Level 3.0 Unarmed Combat
 - Level 2.0 Spellcasting
 - Level 6.0 Transmutations
 + Level 4.5 Invocations


You had 3 spell levels left.
You knew the following spells:

 Your Spells              Type           Power      Damage    Failure   Level
a - Beastly Appendage     Tmut           54%        N/A       6%          1
b - Wereblood             Tmut           27%        N/A       8%          2
c - Spider Form           Tmut/Pois      14%        N/A       30%         3

Your spell library contained the following spells:

 Spells                   Type           Power      Damage    Failure   Level
 Necrotise                Necr           8%         1d4       32%         1
 Vampiric Draining        Necr           2%         2d6       63%         3
 Ice Form                 Ice/Tmut       14%        N/A       61%         4
 Agony                    Necr           2%         N/A       99%         5


Dungeon Overview and Level Annotations

Branches:
Dungeon (6/15)
 Temple: D:4-7

Altars:
Elyvilon
Kikubaaqudgha
Nemelex Xobeh
Qazlal
Ru
Sif Muna
Yredelemnul
Zin

Shops:
D:2 *

Annotations:
D:2 Sigmund
D:3 3 runed translucent doors, RapScallion's ghost, amateur HOFi


Innate Abilities, Weirdness & Mutations

You are a venomous arachnid creature.
You have poisonous fangs.
You are tiny and dextrous.
Your spellcasting is less reliable in this form.
Your armour is entirely melded.
You are incapable of wielding weapons or throwing items.
((Your plain brown scales are hard. (AC +6)))
You cannot fit into any form of body armour.
((You are cold-blooded and may be slowed by cold attacks.))


Message History

You claw the howler monkey. You tail-slap the howler monkey.
The howler monkey is heavily wounded.
The howler monkey closely misses you.
You hit the howler monkey.
The howler monkey is severely wounded.
The howler monkey hoots and howls with incredible vigour!
You hear a shout! x3
You hit the howler monkey.
You claw the howler monkey, but do no damage.
The howler monkey is almost dead.
The howler monkey hits you. The howler monkey misses you.
You hit the howler monkey but do no damage.
Your kick misses the howler monkey.
The howler monkey is almost dead.
The howler monkey hoots and howls with incredible vigour!
You hear an angry hiss.
You hit the howler monkey. You headbutt the howler monkey.
You kill the howler monkey!
Okay, then.
Unknown command.
Unknown command.
Your transformation is almost over.
Your horns disappear.
Your talons disappear.
Found a stone staircase leading down.
An ogre comes into view. It is wielding a +0 giant club.
The ogre shouts!
Casting: Beastly Appendage (safe; 1% risk of failure)
Confirm with . or Enter, or press ? or * to list all spells.
You turn into a venomous arachnid creature.
You bite the ogre!
The ogre is poisoned.
The ogre is moderately wounded.
The ogre hits you with a +0 giant club!!
You hit the ogre.
The ogre is heavily wounded.
You hit the ogre.
The ogre looks as sick as possible!
The ogre is severely wounded.
The ogre hits you with a +0 giant club!!!
Ouch! That really hurt!
You die...
Your body disappears without a glow.

#..................(...#
#.#####.##[.......)....#
#.# #.###########....#
###.# ..# ######
#...####.## #........#
#....#######
#..>.......###...
#....##..sO......
#........####.###
#........# ###....#.#
#......# #....#..
......#.# ..#####.# ..
#.#


You could see an ogre (extremely poisoned).

Vanquished Creatures
  2 necrophages
  A howler monkey (D:6)
  3 hounds
  2 iguanas (D:5)
  7 adders
  A shadow imp (D:3)
  2 ufetubi (D:5)
  3 worms (D:3)
  3 dart slugs
  6 orcs
  5 endoplasms
  A giant cockroach (D:1)
  8 hobgoblins
  3 kobolds
  2 quokkas
  9 ball pythons
  4 bats
  4 frilled lizards
  2 goblins
  5 rats
73 creatures vanquished.

Notes
Turn   | Place    | Note
-------+----------+-------------------------------------------
     0 | D:1      | cdecastro the Draconian Transmuter began the quest for the
                  | Orb.
     0 | D:1      | Reached XP level 1. HP: 16/16 MP: 3/3
   464 | D:1      | Reached XP level 2. HP: 23/23 MP: 3/5
   598 | D:1      | Reached skill level 3 in Transmutations
  1210 | D:2      | Found a faded altar of an unknown god.
  1218 | D:2      | Found Lapracuq's Assorted Antiques.
  1236 | D:2      | Bought an emerald potion for 22 gold pieces
  1236 | D:2      | Bought a smoky red potion for 22 gold pieces
  1287 | D:2      | Learned a level 2 spell: Wereblood
  1302 | D:2      | Reached XP level 3. HP: 28/28 MP: 6/6
  1511 | D:2      | Noticed Sigmund
  1642 | D:3      | Reached skill level 4 in Transmutations
  1837 | D:3      | Reached XP level 4. HP: 34/35 MP: 7/7
  1930 | D:3      | Found a runed translucent gate.
  1930 | D:3      | Found a runed translucent gate.
  1930 | D:3      | Found a runed translucent gate.
  1931 | D:3      | Noticed RapScallion's ghost (amateur HOFi)
  2437 | D:3      | Found an ancient bone altar of Kikubaaqudgha.
  2442 | D:3      | Found a shimmering blue altar of Sif Muna.
  2449 | D:3      | Found a stormy altar of Qazlal.
  2455 | D:3      | Found a glowing silver altar of Zin.
  2466 | D:3      | Found a sparkling altar of Nemelex Xobeh.
  2473 | D:3      | Found a white marble altar of Elyvilon.
  2479 | D:3      | Found a sacrificial altar of Ru.
  2612 | D:3      | Became a worshipper of Nemelex Xobeh the Trickster
  3021 | D:4      | Found a basalt altar of Yredelemnul.
  3086 | D:4      | Reached * piety under Nemelex Xobeh
  3427 | D:5      | Entered Level 5 of the Dungeon
  3438 | D:5      | Reached skill level 5 in Transmutations
  3438 | D:5      | Reached XP level 5. HP: 35/40 MP: 8/8
  3442 | D:5      | Learned a level 3 spell: Spider Form
  3735 | D:5      | Reached skill level 6 in Transmutations
  3735 | D:5      | Reached skill level 1 in Invocations
  4021 | D:5      | Received a gift from Nemelex Xobeh
  4029 | D:5      | Reached XP level 6. HP: 47/47 MP: 9/9
  4433 | D:5      | Reached ** piety under Nemelex Xobeh
  4840 | D:6      | Noticed an orc warrior
  5180 | D:6      | Mangled by an ogre

Illustrated notes

Levels and vault maps discovered:
D:1:      wheals_arrival_shading, layout_basic
D:2:      layout_basic, hellmonk_ecumenical_altar_blasted, serial_shops, shop,
          chequers_hall_statues_wall_a, minmay_misc_feat_rows, uniq_sigmund
D:3:      layout_loops_ring, grunt_temple_overflow_octagram,
          ebering_ghost_rock_garden
D:4:      layout_loops_corners, mainiacjoe_overflow_boulevard,
          chequers_serial_rivers_micro_e
D:5:      layout_basic
D:6:      layout_basic, old_standard_altar, minmay_temple_entry_tees

Skill      XL: |  1  2  3  4  5  6 |
---------------+-------------------+-----
Transmutations | 3 4 5 6 |  6.0
Invocations    | 2 4 |  4.5
Fighting       | |  1.1
Dodging        | |  1.7
Unarmed Combat | |  3.0
Spellcasting   | |  2.0

Action                   |  1- 3 |  4- 6 || total
-------------------------+-------+-------++-------
Melee: Unarmed           |   104 |   161 ||   265
       Kick              |    21 |    28 ||    49
       Tailslap          |     6 |    17 ||    23
       Headbutt          |     9 |    23 ||    32
       Punch             |     2 |     2 ||     4
 Fire: Sling             |     1 |       ||     1
 Cast: Beastly Appendage |    24 |    20 ||    44
       Wereblood         |       |     2 ||     2
       Spider Form       |       |     4 ||     4
 Stab: Sleeping          |       |     1 ||     1
Armor: Skin              |    29 |    21 ||    50
Dodge: Dodged            |    67 |   100 ||   167
